 Dungeon Crawl Stone Soup version 0.25-a0-482-g9b3b753f3f (webtiles) character file.

Game seed: 13854484205896536510, levelgen mode: deterministic

269 Emblim88 the Sneak (level 6, -3/28 HPs)
             Began as a Spriggan Enchanter on Feb 10, 2020.
             Slain by Grinder (11 damage)
             ... on level 3 of the Dungeon.
             The game lasted 00:24:38 (6784 turns).

Emblim88 the Sneak (Spriggan Enchanter)             Turns: 6784, Time: 00:24:38

Health: -3/28      AC:  2    Str:  4    XL:     6   Next: 1%
Magic:  4/13       EV: 20    Int: 19    God:
Gold:   89         SH:  0    Dex: 16    Spells: 2/14 levels left

rFire    . . .     SeeInvis +   a - +1 dagger
rCold    . . .     Gourm    .   (shield restricted)
rNeg     . . .     Faith    .   b - +0 robe
rPois    .         Spirit   .   (helmet restricted)
rElec    .         Reflect  .   (no cloak)
rCorr    .         Harm     .   (gloves unavailable)
MR       +....                  (boots unavailable)
Stlth    ++++......             (no amulet)
HPRegen  0.09/turn              (no ring)
MPRegen  0.13/turn              (no ring)

@: very slightly contaminated, very quick
A: very small, unfitting armour, see invisible, herbivore, speed 3, slow
metabolism 2
a: no special abilities


You were on level 3 of the Dungeon.
You were hungry.

You visited 1 branch of the dungeon, and saw 3 of its levels.

You collected 89 gold pieces.

Inventory:

Hand Weapons
 a - a +1 dagger (weapon)
 q - a +1 short sword of electrocution
 v - a +1 whip of flaming
 y - a +0 hunting sling
Missiles
 f - 86 stones (quivered)
 C - 3 sling bullets
Armour
 b - a +0 robe (worn)
 A - a +0 troll leather armour {Purgy}
Scrolls
 e - 3 scrolls of identify {unknown}
 k - 2 scrolls of fog {unknown}
 m - a scroll of teleportation {unknown}
 n - 2 scrolls of magic mapping {unknown}
 p - a scroll of amnesia {unknown}
 r - a scroll of fear {unknown}
 s - 2 scrolls of enchant weapon {unknown}
 t - a scroll of random uselessness {unknown}
 w - 2 scrolls of remove curse {unknown}
 x - a scroll of noise {unknown}
Potions
 c - a potion of might {unknown}
 g - a potion of resistance {unknown}
 h - a potion of mutation {unknown}
 i - 2 potions of heal wounds {unknown}
 j - a potion of brilliance {unknown}
 l - a potion of ambrosia {unknown}
 u - a potion of berserk rage {unknown}
 z - 2 potions of agility {unknown}
 B - a potion of lignification {unknown}


   Skills:
 - Level 1.1 Short Blades
 + Level 4.7 Dodging
 * Level 7.1 Stealth
 * Level 4.5 Spellcasting
 + Level 4.8 Hexes


You had 2 spell levels left.
You knew the following spells:

 Your Spells              Type           Power        Failure   Level  Hunger
a - Corona                Hex            ###....      1%          1    None
b - Ensorcelled Hibernat  Hex/Ice        ##....       7%          2    #......
c - Tukima's Dance        Hex            ###.....     5%          3    ###....
d - Dazzling Flash        Conj/Hex       ##....       14%         3    ###....
e - Confusing Touch       Hex            ###.....     5%          3    ###....

Your spell library contained the following spells:

 Spells                   Type           Power        Failure   Level  Hunger


Dungeon Overview and Level Annotations

Branches:
Dungeon (3/15)

Altars:
Okawaru
Beogh

Annotations:
D:3 3 runed translucent doors, Grinder; Sigmund; Tubor's ghost, amateur GrEE


Innate Abilities, Weirdness & Mutations

You are very small and have problems with some larger weapons.
You are too small for most types of armour.
You have supernaturally acute eyesight. (SInv)
You are a herbivore.
You cover ground extremely quickly.
You need to consume almost no food.


Message History

You miscast Dazzling Flash.
You are very lightly contaminated with residual magic.
Strange energies run through your body.
Casting: Dazzling Flash (safe; 14% risk of failure)
Confirm with . or Enter, or press ? or * to list all spells.
You are feeling hungry.
Grinder gestures at you.
You suddenly lose the ability to move!
Grinder hits you!
You writhe in agony.
Grinder gestures at you.
You easily resist.
Grinder hits you.
You writhe in agony.
You can move again.
Casting: Dazzling Flash (safe; 14% risk of failure)
Confirm with . or Enter, or press ? or * to list all spells.
You miscast Dazzling Flash.
You smell something strange.
Grinder hits you.
You writhe in agony.
* * * LOW HITPOINT WARNING * * *
Grinder hits you!
You die...

## ########### .# #.........#
.### #.........# ...#
###..((..@5.#
##.#####.........>.###
#..##.#....(........########
###.##..........(..#........####
.##.##.....#...###≈≈≈≈≈(≈≈#....##
..#....8..8...≈≈≈≈≈≈≈≈≈≈≈≈≈≈≈....
.......8..8≈≈≈≈≈≈≈≈≈≈≈≈≈≈≈≈≈≈≈≈..
.......≈).≈≈≈≈≈≈≈≈≈(≈≈≈≈≈≈≈≈≈≈≈≈≈
)...≈≈≈)..≈≈≈≈≈≈≈≈g≈####≈≈@≈≈≈≈≈≈


You could see Grinder.

Vanquished Creatures
  Purgy (D:3)
  Robin (D:3)
  4 gnolls
  3 adders (D:2)
  4 worms (D:2)
  An orc (D:2)
  2 ball pythons (D:2)
  4 giant cockroaches
  14 goblins
  9 hobgoblins
  8 jackals (D:2)
  2 quokkas
  5 bats
  3 frilled lizards (D:1)
  14 kobolds
  6 rats
81 creatures vanquished.

Notes
Turn   | Place    | Note
-------+----------+-------------------------------------------
     0 | D:1      | Emblim88 the Spriggan Enchanter began the quest for the
                  | Orb.
     0 | D:1      | Reached XP level 1. HP: 9/9 MP: 5/5
   904 | D:1      | Reached XP level 2. HP: 10/13 MP: 6/6
   908 | D:1      | Learned a level 2 spell: Ensorcelled Hibernation
  1616 | D:2      | Reached skill level 5 in Stealth
  1961 | D:2      | Reached XP level 3. HP: 12/16 MP: 0/8
  3019 | D:2      | Reached XP level 4. HP: 21/21 MP: 7/10
  3269 | D:3      | Noticed Grinder
  3600 | D:3      | Noticed Robin
  3671 | D:3      | Reached skill level 6 in Stealth
  3864 | D:3      | Paralysed by Grinder for 4 turns
  4404 | D:3      | Paralysed by Grinder for 5 turns
  4579 | D:3      | Paralysed by Grinder for 3 turns
  4628 | D:3      | Noticed Sigmund
  4800 | D:3      | Killed Robin
  4832 | D:3      | Reached XP level 5. HP: 23/24 MP: 8/11
  5035 | D:3      | Noticed Purgy
  5063 | D:3      | Killed Purgy
  5302 | D:3      | Reached skill level 7 in Stealth
  5348 | D:3      | Found an iron altar of Okawaru.
  5386 | D:3      | Learned a level 3 spell: Tukima's Dance
  5405 | D:3      | HP: 1/24 [goblin/sling bullet (1)]
  5820 | D:3      | Found a runed translucent gate.
  5820 | D:3      | Found a runed translucent gate.
  5821 | D:3      | Found a runed translucent gate.
  5823 | D:3      | Noticed Tubor's ghost (amateur GrEE)
  5827 | D:3      | Found a roughly hewn altar of Beogh.
  6261 | D:3      | Reached XP level 6. HP: 24/28 MP: 6/13
  6473 | D:2      | Learned a level 3 spell: Dazzling Flash
  6477 | D:2      | Learned a level 3 spell: Confusing Touch
  6779 | D:3      | Paralysed by Grinder for 4 turns
  6784 | D:3      | Slain by Grinder

Levels and vault maps discovered:
D:1:      psy_arrival_statuary, layout_loops_corners
D:2:      layout_loops_ring
D:3:      wander_river, layout_rooms, gammafunk_temple_overflow_forgotten,
          biasface_ghost_orc_armoury, first_ration, uniq_sigmund, uniq_robin,
          uniq_grinder, uniq_purgy

Skill      XL: |  1  2  3  4  5 |
---------------+----------------+-----
Spellcasting   | 3 4 |  4.5
Stealth        | 5 6 7 |  7.1
Hexes          | 4 |  4.8
Dodging        | 4 |  4.7
Short Blades   | |  1.1

Action                   |  1- 3 |  4- 6 || total
-------------------------+-------+-------++-------
Melee: Dagger            |   201 |   100 ||   301
 Fire: Hunting sling     |       |    15 ||    15
Throw: Stone             |    10 |    55 ||    65
       Boomerang         |       |     8 ||     8
 Cast: Corona            |     3 |       ||     3
       Ensorcelled Hiber |    33 |    56 ||    89
       Tukima's Dance    |       |     3 ||     3
       Dazzling Flash    |       |     4 ||     4
 Stab: Sleeping          |    25 |    30 ||    55
       Invisible         |       |     2 ||     2
  Eat: Ration            |     1 |     3 ||     4
Armor: Robe              |    13 |     9 ||    22
Dodge: Dodged            |   194 |   111 ||   305

Table legend:
 A = Non-vault XP
 B = Vault XP
 C = Vault XP percentage of total XP
 D = Non-vault monster count
 E = Vault monster count
 F = Vault count percentage of total count
                 A         B        C        D         E       F
            +---------+---------+-------+---------+---------+-------
      Total |     215 |     170 |  44.2 |      69 |      12 |  14.8
            +---------+---------+-------+---------+---------+-------
        D:1 |      27 |       0 |   0.0 |      17 |       0 |   0.0
        D:2 |     138 |       4 |   2.8 |      37 |       2 |   5.1
        D:3 |      50 |     166 |  76.9 |      15 |      10 |  40.0
            +---------+---------+-------+---------+---------+-------
